 Dungeon Crawl Stone Soup version 0.31-a0-1227-g0136665373 (webtiles) character file.

Game seed: 1864534719232872861

36 grandjackal the Slasher (level 3, -4/30 HPs)
             Began as a Draconian Gladiator on Dec 14, 2023.
             Slain by Terence
             ... wielding a +0 flail
              (8 damage)
             ... on level 2 of the Dungeon.
             The game lasted 00:00:51 (701 turns).

grandjackal the Slasher (Draconian Gladiator)        Turns: 701, Time: 00:00:51

Health: -4/30      AC:  5    Str: 16    XL:     3   Next: 19%
Magic:  3/3        EV: 13    Int:  8    God:
Gold:   61         SH:  0    Dex: 14    Spells: 2/2 levels left

rFire   . . .        a - +0 long sword
rCold   . . .        (no shield)
rNeg    . . .        (body armour unavailable)
rPois   .            b - +0 hat
rElec   .            (no cloak)
rCorr   .            (no gloves)
SInv    .            (no boots)
Will    +....        (no amulet)
Stlth   +            g - ring of willpower
HPRegen 0.25/turn    (no ring)
MPRegen 0.08/turn

%: no passive effects
@: no status effects
A: AC +5, unfitting armour, cold-blooded
a: no special abilities


You were on level 2 of the Dungeon.
You visited 1 branch of the dungeon, and saw 2 of its levels.

You collected 61 gold pieces.

Inventory:

Hand Weapons
 a - a +0 long sword (weapon)
Missiles
 c - 2 throwing nets (quivered)
 d - a javelin
Armour
 b - a +0 hat (worn)
Jewellery
 g - a ring of willpower (left hand)
Scrolls
 e - a scroll of amnesia {unknown}
 f - a scroll of fog {unknown}
 h - a scroll of teleportation {unknown}
 i - a scroll of brand weapon {unknown}
Potions
 j - a potion of heal wounds {unknown}


   Skills:
 + Level 2.9 Fighting
 + Level 3.4 Long Blades
 - Level 2.0 Throwing
 + Level 3.1 Dodging


You had 2 spell levels left.
You didn't know any spells.
Your spell library was empty.

Dungeon Overview and Level Annotations

Branches:
Dungeon (2/15)

Altars:

Annotations:
D:2 Terence


Innate Abilities, Weirdness & Mutations

Your plain brown scales are hard. (AC +5)
You cannot fit into any form of body armour.
You are cold-blooded and may be slowed by cold attacks.


Message History

j - a white potion You now have 61 gold pieces (gained 13).
A giant cockroach comes into view.
A giant cockroach is nearby!
The giant cockroach waves its antennae.
You closely miss the giant cockroach.
Your tail-slap misses the giant cockroach.
The giant cockroach closely misses you.
You hit the giant cockroach but do no damage.
The giant cockroach bites you but does no damage.
You slash the giant cockroach!
You kill the giant cockroach!
No target in view!
Terence the Incautious comes into view.
He is wielding a +0 flail.
Terence is nearby!
You hit Terence but do no damage.
Your tail-slap misses Terence.
Terence barely misses you.
You closely miss Terence. Terence hits you with a +0 flail.
You hit Terence but do no damage.
You tail-slap Terence, but do no damage.
Terence hits you with a +0 flail!
You hit Terence but do no damage. Terence hits you with a +0 flail!
You are too injured to fight recklessly!
You barely miss Terence. Your punch misses Terence. Terence closely misses you.
Terence hits you with a +0 flail.
You hit Terence.
Terence is lightly wounded.
Terence closely misses you.
You hit Terence.
Terence is moderately wounded.
Terence hits you with a +0 flail!
* * * LOW HITPOINT WARNING * * *
Throw: 3 throwing nets
Press: ? - help, Q - select action, (/) - cycle Shift-Dir - straight line, f - Terence
Aim: Terence, wielding a +0 flail and wearing a +0 scale mail (moderately wounded, 61% to hit)
You throw a throwing net. The throwing net barely misses Terence.
Terence looks scornfully at you. Terence hits you with a +0 flail!
You die...
Terence says, "That felt goooood."

###....####........
.......................
#####..###.....# .......
######.###.....# ....#..
.....#.........# .......
####....##.#.#.##....#..
#####...##.#.#.#......#
........##.#.#.#....#
........##.#.#..@@.(#
.....#.......#..##.##
.....#..........# #
.....#.##.......#
.....#.###..##[..
.....#.# #..##....
.....#.. #......##
.....##. # ####.. .


You could see Terence.

Vanquished Creatures
  A dart slug (D:1)
  6 endoplasms
  2 giant cockroaches
  2 goblins (D:1)
  3 hobgoblins (D:1)
  2 jackals (D:1)
  2 quokkas
  5 ball pythons (D:1)
  A bat (D:1)
  A frilled lizard (D:1)
  4 kobolds (D:1)
  2 rats (D:1)
31 creatures vanquished.

Notes
Turn   | Place    | Note
-------+----------+-------------------------------------------
     0 | D:1      | grandjackal the Draconian Gladiator began the quest for the
                  | Orb.
     0 | D:1      | Reached XP level 1. HP: 17/17 MP: 1/1
   172 | D:1      | Reached XP level 2. HP: 24/25 MP: 2/2
   388 | D:1      | Reached XP level 3. HP: 27/30 MP: 3/3
   691 | D:2      | Noticed Terence
   701 | D:2      | Slain by Terence

Illustrated notes

Levels and vault maps discovered:
D:1:      ncdulo_wetmaze, layout_basic
D:2:      minmay_chambers_of_ones, layout_rooms, minmay_tetromino_t4,
          uniq_robin, uniq_terence

Skill      XL: |  1  2 |
---------------+-------+-----
Throwing       | 2 |  2.0
Dodging        | 3 |  3.1
Fighting       | |  2.9
Long Blades    | |  3.4

Action                     || total
---------------------------++-------
  Melee: Long sword        ||    89
         Tailslap          ||     9
         Punch             ||     1
  Throw: Throwing net      ||     1
   Stab: Sleeping          ||     1
 Armour: Skin              ||    49
  Dodge: Dodged            ||    53

Table legend: (Time is in decaauts)
 A = Elapsed time spent in this place.
 B = Non-inter-level travel time spent in this place.
 C = Inter-level travel time spent in this place.
 D = Time resting spent in this place.
 E = Time spent auto-exploring this place.
 F = Levels seen in this place.
 G = Mean time per level.
                   A        B        C        D        E       F      G
               +--------+--------+--------+--------+--------+-----+--------+
         Total |    731 |    714 |     17 |     33 |    485 |   2 |  365.5 |
       Dungeon |    731 |    714 |     17 |     33 |    485 |   2 |  365.5 |
               +--------+--------+--------+--------+--------+-----+--------+

Top non-repeatable levels by time:
     D:1: 621 daAuts
     D:2: 110 daAuts
